Detroit Red Wings vs Pittsburgh Penguins
Created - Monday, March 11, 2024 at 08:51
Goals
|
| Detroit Red Wings |
1 |
1 |
1 |
3 |
| Pittsburgh Penguins |
3 |
1 |
2 |
6 |
|
Shots
|
| Detroit Red Wings |
7 |
15 |
9 |
31 |
| Pittsburgh Penguins |
10 |
14 |
14 |
38 |
|
1st period
1. Pittsburgh Penguins , Leon Draisaitl 9 (Brian Dumoulin 8) at 12:36
2. Pittsburgh Penguins , Leon Draisaitl 10 (Pavel Buchnevich 14) at 13:57
3. Detroit Red Wings , Steven Stamkos 15 (Alexander Barabanov 10, Kevin Shattenkirk 11) at 18:13
4. Pittsburgh Penguins , Mitchell Marner 14 (Leon Draisaitl 19) at 19:32
Penalties :
Erik Gudbranson (PIT) for Hooking (Minor) at 2:40, Zach Bogosian (DET) for Hooking (Minor) at 8:04
2nd period
5. Pittsburgh Penguins , Sam Reinhart 17 (Anders Lee 17) at 1:54 (PP)
6. Detroit Red Wings , Daniel Sprong 6 (Jared McCann 10, Mika Zibanejad 24) at 14:53
Penalties :
Zach Bogosian (DET) for Holding (Minor) at 1:45, Patrick Kane (DET) for Tripping (Minor) at 6:21, Patrick Kane (DET) for Hooking (Minor) at 15:17
3rd period
7. Detroit Red Wings , Mika Zibanejad 15 (Kevin Shattenkirk 12, Josh Bailey 3) at 8:14 (SH)
8. Pittsburgh Penguins , Mitchell Marner 15 (Leon Draisaitl 20, Marc-Andre Fleury) at 11:26
9. Pittsburgh Penguins , Ryan Johansen 6 (Phillip Danault 7) at 13:26
Penalties :
Steven Stamkos (DET) for Hooking (Minor) at 1:11, Carter Verhaeghe (DET) for Interference (Minor) at 3:33, Jordie Benn (DET) for Roughing (Minor) at 7:57
Goalie Stats
Vitek Vanecek (DET), 32 saves from 38 shots - (0.842), L, 13-7-3, 60:00 minutes
Marc-Andre Fleury (PIT), 28 saves from 31 shots - (0.903), W, 17-5-3, 60:00 minutes
Players Stats for Detroit Red Wings
Player Name G A P +/- PIM S H SB GA TA FO MP PP MP PK MP
------------------------------------------------------------------------------------
Alexander Barabanov 0 1 1 -2 0 2 1 0 1 0 0/2 15:44 0:00 0:19
Anthony Cirelli 0 0 0 1 0 1 0 0 1 0 8/12 16:53 0:00 5:50
Arthur Kaliyev 0 0 0 0 0 0 1 1 1 0 0/0 6:47 0:58 0:00
Carter Verhaeghe 0 0 0 -2 2 0 2 0 0 0 0/0 14:36 1:01 0:00
Daniel Sprong 1 0 1 1 0 4 0 0 0 0 0/0 12:28 1:01 0:20
Jared McCann 0 1 1 1 0 1 1 0 0 0 1/1 16:53 0:00 5:50
Jonathan Huberdeau 0 0 0 0 0 1 2 0 0 0 0/0 6:10 0:00 0:00
Jordie Benn 0 0 0 -2 2 1 0 1 0 1 0/0 19:10 0:00 5:12
Josh Bailey 0 1 1 1 0 1 1 0 1 0 1/5 12:17 0:00 5:53
Kevin Shattenkirk 0 2 2 2 0 2 0 4 0 3 0/0 27:41 0:58 5:57
MacKenzie Weegar 0 0 0 1 0 0 3 0 1 2 0/0 28:11 0:58 6:06
Matthew Boldy 0 0 0 -2 0 2 1 0 0 1 0/0 14:06 1:01 0:00
Mika Zibanejad 1 1 2 -1 0 4 1 0 2 0 14/27 20:10 1:01 5:53
Patrick Kane 0 0 0 -2 4 4 0 2 1 0 0/1 15:59 0:58 0:00
Philippe Myers 0 0 0 -2 0 0 0 0 0 0 0/0 12:07 0:00 0:36
Shayne Gostisbehere 0 0 0 -1 0 1 2 1 1 0 0/0 20:18 1:01 5:57
Steven Stamkos 1 0 1 -2 2 5 1 0 0 0 10/22 16:27 0:58 0:01
Zach Bogosian 0 0 0 -2 4 2 2 0 0 0 0/0 11:53 0:00 0:18
Players Stats for Pittsburgh Penguins
Player Name G A P +/- PIM S H SB GA TA FO MP PP MP PK MP
------------------------------------------------------------------------------------
Anders Lee 0 1 1 0 0 3 0 1 0 0 0/1 18:26 5:52 0:00
Brian Dumoulin 0 1 1 1 0 0 2 3 0 0 0/0 23:01 6:08 0:47
Colton Sissons 0 0 0 0 0 1 0 0 0 1 5/7 8:24 0:00 0:00
Erik Gudbranson 0 0 0 0 2 0 1 2 0 0 0/0 13:56 0:00 0:00
Erik Karlsson 0 0 0 1 0 3 1 2 1 0 0/0 23:30 5:55 1:12
Gabriel Vilardi 0 0 0 0 0 4 1 0 0 0 1/1 8:59 0:18 0:00
J.J. Moser 0 0 0 0 0 1 0 0 0 2 0/0 13:29 0:00 0:00
Jean-Gabriel Pageau 0 0 0 0 0 1 1 1 1 0 11/22 18:26 5:52 0:00
Jordan Eberle 0 0 0 0 0 1 1 0 2 0 0/0 11:36 0:14 0:00
Leon Draisaitl 2 2 4 2 0 5 0 0 1 0 10/23 20:22 5:53 1:03
Mattias Ekholm 0 0 0 1 0 0 0 1 0 2 0/0 23:30 5:55 1:12
Mitchell Marner 2 0 2 2 0 2 3 0 0 0 0/1 20:22 5:53 1:03
Pavel Buchnevich 0 1 1 2 0 2 0 1 1 0 0/0 20:00 5:54 0:56
Phillip Danault 0 1 1 0 0 2 0 0 1 1 7/11 11:17 0:00 0:00
Ryan Johansen 1 0 1 0 0 5 0 0 0 1 1/1 11:17 0:00 0:00
Ryan Suter 0 0 0 1 0 1 1 0 0 1 0/0 23:01 6:08 0:47
Sam Reinhart 1 0 1 0 0 4 2 0 0 1 1/3 19:22 5:52 0:56
Tom Wilson 0 0 0 0 0 3 0 0 0 0 0/0 9:02 0:21 0:00
3 Stars
1 - Leon Draisaitl (PIT)
2 - Mitchell Marner (PIT)
3 - Sam Reinhart (PIT)
Power Play
Detroit Red Wings - 0 on 1 Attempt(s) - 0.00%
Pittsburgh Penguins - 1 on 7 Attempt(s) - 14.29%
Penalty Kill
Detroit Red Wings - 6 on 7 Attempt(s) - 85.71%
- Score 1 goal in Penalty Kill
Pittsburgh Penguins - 1 on 1 Attempt(s) - 100.00%
- Score 0 goal in Penalty Kill
Team Stat
Detroit Red Wings - Hits : 18 - Faceoff Wins : 34 - Blocked Shots : 9 - Penalty Minutes : 14
Pittsburgh Penguins - Hits : 13 - Faceoff Wins : 36 - Blocked Shots : 11 - Penalty Minutes : 2
Official
Referees : Jon Mclsaac and Evgeny Romasko
Linesman : Mike Cvik and Steve Miller
Game Notes
No Game Note
Finance
Level 1 -- Attendance: 4866 (81.10%) -- Ticket Income $486,600
Level 2 -- Attendance: 3712 (74.24%) -- Ticket Income $222,720
Level 3 -- Attendance: 2150 (71.67%) -- Ticket Income $75,250
Level 4 -- Attendance: 3817 (76.34%) -- Ticket Income $95,425
Luxury Box -- Attendance: 847 (84.70%) -- Ticket Income $169,400
Game was played at the Consol Energy Center.
Total Attendance: 15392 (76.96%)
Total Ticket Income: $1,049,395
Other Income: $367,288
Total Income: $1,416,683
Detroit Red Wings
5 vs 5 Forward
Center Left Wing Right Wing Time % Phy DF OF
1 Steven Stamkos Alexander Barabanov Patrick Kane 35 0 1 4
2 Mika Zibanejad Carter Verhaeghe Matthew Boldy 30 1 2 2
3 Anthony Cirelli Jared McCann Daniel Sprong 25 1 2 2
4 Josh Bailey Jonathan Huberdeau Arthur Kaliyev 10 1 2 2
5 vs 5 Defense
Defense Defense Time % Phy DF OF
1 Kevin Shattenkirk MacKenzie Weegar 40 1 2 2
2 Jordie Benn Shayne Gostisbehere 30 1 2 2
3 Zach Bogosian Philippe Myers 20 3 1 1
4 Kevin Shattenkirk MacKenzie Weegar 10 1 2 2
PowerPlay Forward
Center Left Wing Right Wing Time % Phy DF OF
1 Steven Stamkos Arthur Kaliyev Patrick Kane 50 0 1 4
2 Mika Zibanejad Carter Verhaeghe Matthew Boldy 50 0 1 4
PowerPlay Defense
Defense Defense Time % Phy DF OF
1 Kevin Shattenkirk MacKenzie Weegar 50 1 2 2
2 Shayne Gostisbehere Daniel Sprong 50 1 2 2
Penalty Kill 4 Players Forward
Center Wing Time % Phy DF OF
1 Anthony Cirelli Jared McCann 50 2 2 1
2 Mika Zibanejad Josh Bailey 50 2 2 1
Penalty Kill 4 Players Defense
Defense Defense Time % Phy DF OF
1 Jordie Benn MacKenzie Weegar 50 2 2 1
2 Kevin Shattenkirk Shayne Gostisbehere 50 2 2 1
Penalty Kill - 3 Players Forward
Forward Time % Phy DF OF
1 Mika Zibanejad 50 1 2 2
2 Anthony Cirelli 50 1 2 2
Penalty Kill - 3 Players Defense
Defense Defense Time % Phy DF OF
1 Jordie Benn MacKenzie Weegar 50 1 2 2
2 Kevin Shattenkirk Shayne Gostisbehere 50 2 2 1
4 vs 4 Forward
Center Wing Time % Phy DF OF
1 Mika Zibanejad Carter Verhaeghe 60 1 2 2
2 Steven Stamkos Matthew Boldy 40 1 1 3
4 vs 4 Defense
Defense Defense Time % Phy DF OF
1 Kevin Shattenkirk MacKenzie Weegar 60 1 2 2
2 Jordie Benn Shayne Gostisbehere 40 1 2 2
Last Minutes Offensive
Center Left Wing Right Wing Defense Defense
Mika Zibanejad Carter Verhaeghe Matthew Boldy Kevin Shattenkirk MacKenzie Weegar
Last Minutes Defensive
Center Left Wing Right Wing Defense Defense
Mika Zibanejad Carter Verhaeghe Matthew Boldy Kevin Shattenkirk MacKenzie Weegar
Goaltenders
Starting : Vitek Vanecek
Backup : Carey Price
Extra Forwards
Normal : Josh Bailey, Daniel Sprong, Arthur Kaliyev - PP : Josh Bailey, Arthur Kaliyev - PK : Jared McCann
Extra Defensemen
Normal : Philippe Myers, Jordie Benn, Shayne Gostisbehere - PP : Kevin Shattenkirk - PK : Philippe Myers, MacKenzie Weegar
Penalty Shots
Mika Zibanejad, Steven Stamkos, Matthew Boldy, Carter Verhaeghe, Jared McCann
Pittsburgh Penguins
5 vs 5 Forward
Center Left Wing Right Wing Time % Phy DF OF
1 Leon Draisaitl Pavel Buchnevich Mitchell Marner 30 1 2 2
2 Jean-Gabriel Pageau Anders Lee Sam Reinhart 30 1 2 2
3 Phillip Danault Jordan Eberle Ryan Johansen 25 1 2 2
4 Colton Sissons Gabriel Vilardi Tom Wilson 15 1 2 2
5 vs 5 Defense
Defense Defense Time % Phy DF OF
1 Erik Karlsson Mattias Ekholm 35 1 2 2
2 Ryan Suter Brian Dumoulin 35 1 2 2
3 Erik Gudbranson J.J. Moser 30 1 2 2
4 Erik Karlsson Mattias Ekholm 0 1 2 2
PowerPlay Forward
Center Left Wing Right Wing Time % Phy DF OF
1 Leon Draisaitl Pavel Buchnevich Mitchell Marner 50 1 2 2
2 Jean-Gabriel Pageau Anders Lee Sam Reinhart 50 1 2 2
PowerPlay Defense
Defense Defense Time % Phy DF OF
1 Erik Karlsson Mattias Ekholm 50 1 2 2
2 Ryan Suter Brian Dumoulin 50 1 2 2
Penalty Kill 4 Players Forward
Center Wing Time % Phy DF OF
1 Leon Draisaitl Mitchell Marner 50 1 2 2
2 Sam Reinhart Pavel Buchnevich 50 1 2 2
Penalty Kill 4 Players Defense
Defense Defense Time % Phy DF OF
1 Erik Karlsson Mattias Ekholm 50 1 2 2
2 Ryan Suter Brian Dumoulin 50 1 2 2
Penalty Kill - 3 Players Forward
Forward Time % Phy DF OF
1 Leon Draisaitl 50 1 2 2
2 Mitchell Marner 50 1 2 2
Penalty Kill - 3 Players Defense
Defense Defense Time % Phy DF OF
1 Erik Karlsson Mattias Ekholm 50 1 2 2
2 Ryan Suter Brian Dumoulin 50 1 2 2
4 vs 4 Forward
Center Wing Time % Phy DF OF
1 Leon Draisaitl Mitchell Marner 50 1 2 2
2 Sam Reinhart Pavel Buchnevich 50 1 2 2
4 vs 4 Defense
Defense Defense Time % Phy DF OF
1 Erik Karlsson Mattias Ekholm 50 1 2 2
2 Ryan Suter Brian Dumoulin 50 1 2 2
Last Minutes Offensive
Center Left Wing Right Wing Defense Defense
Leon Draisaitl Pavel Buchnevich Mitchell Marner Erik Karlsson Mattias Ekholm
Last Minutes Defensive
Center Left Wing Right Wing Defense Defense
Leon Draisaitl Pavel Buchnevich Mitchell Marner Erik Karlsson Mattias Ekholm
Goaltenders
Starting : Marc-Andre Fleury
Backup : Akira Schmid
Extra Forwards
Normal : Tom Wilson, Gabriel Vilardi, Phillip Danault - PP : Tom Wilson, Gabriel Vilardi - PK : Phillip Danault
Extra Defensemen
Normal : Erik Gudbranson, J.J. Moser, Ryan Suter - PP : Erik Gudbranson - PK : J.J. Moser, Ryan Suter
Penalty Shots
Leon Draisaitl, Mitchell Marner, Sam Reinhart, Pavel Buchnevich, Jean-Gabriel Pageau
% Time on Ice - Detroit Red Wings
Lines # - Real PCT - Wanted PCT - Time Play
Normal Forward
1 - 34% - 35% - 15:51
2 - 29% - 30% - 13:16
3 - 23% - 25% - 10:41
4 - 13% - 10% - 6:10
Normal Defense
1 - 41% - 40% - 18:51
2 - 29% - 30% - 13:20
3 - 25% - 20% - 11:31
4 - 5% - 10% - 2:16
PP Forward
1 - 49% - 50% - 0:58
2 - 51% - 50% - 1:01
PP Defense
1 - 49% - 50% - 0:58
2 - 51% - 50% - 1:01
PK Forward
1 - 49% - 50% - 5:51
2 - 51% - 50% - 6:12
PK Defense
1 - 51% - 50% - 6:06
2 - 49% - 50% - 5:57
PK3 Forward
1 - 0% - 50%
2 - 0% - 50%
PK3 Defense
1 - 0% - 50%
2 - 0% - 50%
44 Forward
1 - 0% - 60%
2 - 0% - 40%
44 Defense
1 - 0% - 60%
2 - 0% - 40%
Last Minute Offensive - 0:00
Last Minute Defensive - 0:00
Total
Forward - 60:00
Defense - 60:00
|
% Time on Ice - Pittsburgh Penguins
Lines # - Real PCT - Wanted PCT - Time Play
Normal Forward
1 - 30% - 30% - 13:43
2 - 27% - 30% - 12:34
3 - 25% - 25% - 11:17
4 - 18% - 15% - 8:24
Normal Defense
1 - 36% - 35% - 16:23
2 - 35% - 35% - 16:06
3 - 29% - 30% - 13:29
4 - 0% - 0% - 0:00
PP Forward
1 - 51% - 50% - 6:11
2 - 49% - 50% - 5:52
PP Defense
1 - 49% - 50% - 5:55
2 - 51% - 50% - 6:08
PK Forward
1 - 53% - 50% - 1:03
2 - 47% - 50% - 0:56
PK Defense
1 - 61% - 50% - 1:12
2 - 39% - 50% - 0:47
PK3 Forward
1 - 0% - 50%
2 - 0% - 50%
PK3 Defense
1 - 0% - 50%
2 - 0% - 50%
44 Forward
1 - 0% - 50%
2 - 0% - 50%
44 Defense
1 - 0% - 50%
2 - 0% - 50%
Last Minute Offensive - 0:00
Last Minute Defensive - 0:00
Total
Forward - 60:00
Defense - 60:00
|
Play-by-Play
1st period
0:01 of 1st period - Steven Stamkos wins face-off versus Leon Draisaitl in neutral zone.
0:42 of 1st period - Backhand shot by Sam Reinhart.
0:42 of 1st period - Stopped by Vitek Vanecek without a rebound.
0:43 of 1st period - Anthony Cirelli wins face-off versus Phillip Danault in Detroit Red Wings zone.
0:50 of 1st period - Slapshot by Daniel Sprong.
0:50 of 1st period - Stopped by Marc-Andre Fleury without a rebound.
0:51 of 1st period - Phillip Danault wins face-off versus Anthony Cirelli in Pittsburgh Penguins zone.
0:51 of 1st period - Phillip Danault is hit by Jared McCann.
1:05 of 1st period - Snap shot by Ryan Johansen.
1:05 of 1st period - Stopped by Vitek Vanecek without a rebound.
1:06 of 1st period - Gabriel Vilardi wins face-off versus Josh Bailey in Detroit Red Wings zone.
1:07 of 1st period - Snap shot by Tom Wilson.
1:07 of 1st period - Deflect By Josh Bailey.
1:07 of 1st period - Shot Misses the Net.
1:07 of 1st period - Puck is out of play.
1:08 of 1st period - Colton Sissons wins face-off versus Josh Bailey in Detroit Red Wings zone.
1:30 of 1st period - Icing by Ryan Suter.
1:31 of 1st period - Colton Sissons wins face-off versus Mika Zibanejad in Pittsburgh Penguins zone.
2:10 of 1st period - Snap shot by Patrick Kane.
2:10 of 1st period - Shot Blocked by Pavel Buchnevich.
2:26 of 1st period - Slapshot by Jared McCann.
2:26 of 1st period - Deflect By Daniel Sprong.
2:26 of 1st period - Stopped by Marc-Andre Fleury with a rebound.
2:28 of 1st period - Slapshot by Jordie Benn.
2:28 of 1st period - Stopped by Marc-Andre Fleury without a rebound.
2:29 of 1st period - Jean-Gabriel Pageau wins face-off versus Anthony Cirelli in Pittsburgh Penguins zone.
2:29 of 1st period - Jean-Gabriel Pageau is hit by Shayne Gostisbehere.
2:40 of 1st period - Minor Penalty to Erik Gudbranson for Hooking.
2:41 of 1st period - Leon Draisaitl wins face-off versus Steven Stamkos in Pittsburgh Penguins zone.
2:41 of 1st period - Leon Draisaitl is hit by MacKenzie Weegar.
3:28 of 1st period - Daniel Sprong is hit by Mitchell Marner and loses puck.
4:40 of 1st period - Penalty to Erik Gudbranson is over, Erik Gudbranson is back on ice.
4:59 of 1st period - Snap shot by Jonathan Huberdeau.
4:59 of 1st period - Shot Misses the Net.
6:39 of 1st period - Slapshot by Gabriel Vilardi.
6:39 of 1st period - Stopped by Vitek Vanecek without a rebound.
6:40 of 1st period - Colton Sissons wins face-off versus Mika Zibanejad in Detroit Red Wings zone.
8:04 of 1st period - Minor Penalty to Zach Bogosian for Hooking.
8:05 of 1st period - Anthony Cirelli wins face-off versus Leon Draisaitl in Detroit Red Wings zone.
8:13 of 1st period - Off-side.
8:14 of 1st period - Leon Draisaitl wins face-off versus Mika Zibanejad in neutral zone.
9:23 of 1st period - Snap shot by Sam Reinhart.
9:23 of 1st period - Deflect By Anders Lee.
9:23 of 1st period - Stopped by Vitek Vanecek with a rebound.
9:25 of 1st period - Slapshot by Erik Karlsson.
9:25 of 1st period - Shot Misses the Net.
10:04 of 1st period - Penalty to Zach Bogosian is over, Zach Bogosian is back on ice.
11:25 of 1st period - Patrick Kane is hit by Brian Dumoulin.
12:05 of 1st period - Carter Verhaeghe is hit by Sam Reinhart and loses puck.
12:24 of 1st period - Off-side.
12:25 of 1st period - Steven Stamkos wins face-off versus Mitchell Marner in neutral zone.
12:34 of 1st period - Snap shot by Leon Draisaitl.
12:34 of 1st period - Shot Misses the Net.
12:36 of 1st period - Slapshot by Brian Dumoulin.
12:36 of 1st period - Deflect By Leon Draisaitl.
12:36 of 1st period - Goal by Leon Draisaitl - Detroit Red Wings : 0 - Pittsburgh Penguins : 1.
12:37 of 1st period - Jean-Gabriel Pageau wins face-off versus Steven Stamkos in neutral zone.
12:48 of 1st period - Snap shot by Jean-Gabriel Pageau.
12:48 of 1st period - Shot Misses the Net.
12:50 of 1st period - Slapshot by Erik Karlsson.
12:50 of 1st period - Shot Blocked by Shayne Gostisbehere.
12:52 of 1st period - Slapshot by Erik Karlsson.
12:52 of 1st period - Shot Misses the Net.
12:54 of 1st period - Slapshot by Erik Karlsson.
12:54 of 1st period - Stopped by Vitek Vanecek with a rebound.
13:22 of 1st period - Icing by Pavel Buchnevich.
13:23 of 1st period - Anthony Cirelli wins face-off versus Leon Draisaitl in Pittsburgh Penguins zone.
13:24 of 1st period - Snap shot by Daniel Sprong.
13:24 of 1st period - Deflect By Alexander Barabanov.
13:24 of 1st period - Shot Misses the Net.
13:24 of 1st period - Puck is out of play.
13:25 of 1st period - Jean-Gabriel Pageau wins face-off versus Steven Stamkos in Pittsburgh Penguins zone.
13:57 of 1st period - Slapshot by Leon Draisaitl.
13:57 of 1st period - Goal by Leon Draisaitl - Detroit Red Wings : 0 - Pittsburgh Penguins : 2.
13:58 of 1st period - Phillip Danault wins face-off versus Mika Zibanejad in neutral zone.
14:05 of 1st period - Slapshot by Phillip Danault.
14:05 of 1st period - Shot Blocked by Kevin Shattenkirk.
14:07 of 1st period - Snap shot by Phillip Danault.
14:07 of 1st period - Stopped by Vitek Vanecek with a rebound.
14:09 of 1st period - Snap shot by Jordan Eberle.
14:09 of 1st period - Shot Misses the Net.
14:51 of 1st period - Snap shot by Gabriel Vilardi.
14:51 of 1st period - Deflect By Shayne Gostisbehere.
14:51 of 1st period - Shot Misses the Net.
14:51 of 1st period - Puck is out of play.
14:52 of 1st period - Colton Sissons wins face-off versus Steven Stamkos in Detroit Red Wings zone.
15:17 of 1st period - Jean-Gabriel Pageau is hit by MacKenzie Weegar and loses puck.
15:30 of 1st period - Snap shot by Daniel Sprong.
15:30 of 1st period - Shot Blocked by Erik Karlsson.
15:40 of 1st period - Wrist shot by Erik Karlsson.
15:40 of 1st period - Deflect By Ryan Johansen.
15:40 of 1st period - Shot Blocked by Arthur Kaliyev.
15:40 of 1st period - Puck is out of play.
15:41 of 1st period - Phillip Danault wins face-off versus Josh Bailey in Detroit Red Wings zone.
15:44 of 1st period - Wrist shot by Ryan Johansen.
15:44 of 1st period - Shot Blocked by Kevin Shattenkirk.
17:50 of 1st period - Wrist shot by Daniel Sprong.
17:50 of 1st period - Stopped by Marc-Andre Fleury without a rebound.
17:51 of 1st period - Leon Draisaitl wins face-off versus Steven Stamkos in Pittsburgh Penguins zone.
17:55 of 1st period - Off-side.
17:56 of 1st period - Leon Draisaitl wins face-off versus Steven Stamkos in neutral zone.
18:13 of 1st period - Snap shot by Steven Stamkos.
18:13 of 1st period - Goal by Steven Stamkos - Detroit Red Wings : 1 - Pittsburgh Penguins : 2.
18:14 of 1st period - Mika Zibanejad wins face-off versus Jean-Gabriel Pageau in neutral zone.
18:53 of 1st period - Snap shot by Alexander Barabanov.
18:53 of 1st period - Deflect By Leon Draisaitl.
18:53 of 1st period - Stopped by Marc-Andre Fleury with a rebound.
19:04 of 1st period - Off-side.
19:05 of 1st period - Phillip Danault wins face-off versus Josh Bailey in neutral zone.
19:08 of 1st period - Snap shot by Ryan Johansen.
19:08 of 1st period - Shot Misses the Net.
19:10 of 1st period - Slapshot by Ryan Suter.
19:10 of 1st period - Deflect By Josh Bailey.
19:10 of 1st period - Stopped by Vitek Vanecek without a rebound.
19:11 of 1st period - Jean-Gabriel Pageau wins face-off versus Steven Stamkos in Detroit Red Wings zone.
19:12 of 1st period - Snap shot by Sam Reinhart.
19:12 of 1st period - Shot Blocked by Patrick Kane.
19:24 of 1st period - Snap shot by Patrick Kane.
19:24 of 1st period - Shot Blocked by Brian Dumoulin.
19:26 of 1st period - Slapshot by Zach Bogosian.
19:26 of 1st period - Stopped by Marc-Andre Fleury without a rebound.
19:27 of 1st period - Leon Draisaitl wins face-off versus Mika Zibanejad in Pittsburgh Penguins zone.
19:32 of 1st period - Snap shot by Mitchell Marner.
19:32 of 1st period - Goal by Mitchell Marner - Detroit Red Wings : 1 - Pittsburgh Penguins : 3.
19:33 of 1st period - Jean-Gabriel Pageau wins face-off versus Mika Zibanejad in neutral zone.
19:38 of 1st period - Snap shot by Anders Lee.
19:38 of 1st period - Shot Misses the Net.
19:57 of 1st period - Icing by MacKenzie Weegar.
19:58 of 1st period - Leon Draisaitl wins face-off versus Mika Zibanejad in Detroit Red Wings zone.
Goals for this period are 1 for Detroit Red Wings vs 3 for Pittsburgh Penguins.
Shots for this period are 7 for Detroit Red Wings vs 10 for Pittsburgh Penguins.
2nd period
0:01 of 2nd period - Steven Stamkos wins face-off versus Leon Draisaitl in neutral zone.
0:12 of 2nd period - Slapshot by Steven Stamkos.
0:12 of 2nd period - Shot Blocked by Brian Dumoulin.
1:02 of 2nd period - Backhand shot by Leon Draisaitl.
1:02 of 2nd period - Stopped by Vitek Vanecek without a rebound.
1:03 of 2nd period - Jean-Gabriel Pageau wins face-off versus Mika Zibanejad in Detroit Red Wings zone.
1:08 of 2nd period - Slapshot by Jean-Gabriel Pageau.
1:08 of 2nd period - Stopped by Vitek Vanecek with a rebound.
1:10 of 2nd period - Snap shot by Anders Lee.
1:10 of 2nd period - Shot Hit the Post.
1:38 of 2nd period - Backhand shot by Ryan Johansen.
1:38 of 2nd period - Shot Misses the Net.
1:40 of 2nd period - Snap shot by J.J. Moser.
1:40 of 2nd period - Deflect By Philippe Myers.
1:40 of 2nd period - Stopped by Vitek Vanecek with a rebound.
1:45 of 2nd period - Minor Penalty to Zach Bogosian for Holding.
1:46 of 2nd period - Mika Zibanejad wins face-off versus Jean-Gabriel Pageau in Detroit Red Wings zone.
1:54 of 2nd period - Snap shot by Sam Reinhart.
1:54 of 2nd period - Goal by Sam Reinhart - Detroit Red Wings : 1 - Pittsburgh Penguins : 4.
1:55 of 2nd period - Mika Zibanejad wins face-off versus Jean-Gabriel Pageau in neutral zone.
2:08 of 2nd period - Slapshot by Carter Verhaeghe.
2:08 of 2nd period - Shot Misses the Net.
2:10 of 2nd period - Slapshot by Jordie Benn.
2:10 of 2nd period - Deflect By Carter Verhaeghe.
2:10 of 2nd period - Shot Misses the Net.
2:10 of 2nd period - Puck is out of play.
2:11 of 2nd period - Steven Stamkos wins face-off versus Phillip Danault in Pittsburgh Penguins zone.
2:14 of 2nd period - Slapshot by Patrick Kane.
2:14 of 2nd period - Stopped by Marc-Andre Fleury with a rebound.
2:24 of 2nd period - Snap shot by Ryan Johansen.
2:24 of 2nd period - Shot Blocked by Kevin Shattenkirk.
2:38 of 2nd period - J.J. Moser is hit by MacKenzie Weegar and loses puck.
2:45 of 2nd period - Backhand shot by Carter Verhaeghe.
2:45 of 2nd period - Shot Blocked by Erik Gudbranson.
2:47 of 2nd period - Slapshot by Matthew Boldy.
2:47 of 2nd period - Shot Misses the Net.
3:32 of 2nd period - Icing by Erik Gudbranson.
3:33 of 2nd period - Steven Stamkos wins face-off versus Colton Sissons in Pittsburgh Penguins zone.
4:03 of 2nd period - Snap shot by Gabriel Vilardi.
4:03 of 2nd period - Stopped by Vitek Vanecek with a rebound.
4:05 of 2nd period - Snap shot by Tom Wilson.
4:05 of 2nd period - Shot Misses the Net.
4:07 of 2nd period - Wrist shot by Tom Wilson.
4:07 of 2nd period - Stopped by Vitek Vanecek without a rebound.
4:08 of 2nd period - Jean-Gabriel Pageau wins face-off versus Alexander Barabanov in Detroit Red Wings zone.
4:23 of 2nd period - Slapshot by Patrick Kane.
4:23 of 2nd period - Deflect By Alexander Barabanov.
4:23 of 2nd period - Stopped by Marc-Andre Fleury without a rebound.
4:24 of 2nd period - Ryan Johansen wins face-off versus Mika Zibanejad in Pittsburgh Penguins zone.
4:49 of 2nd period - Patrick Kane is hit by Brian Dumoulin and loses puck.
5:26 of 2nd period - Off-side.
5:27 of 2nd period - Mika Zibanejad wins face-off versus Sam Reinhart in neutral zone.
5:38 of 2nd period - Snap shot by Matthew Boldy.
5:38 of 2nd period - Stopped by Marc-Andre Fleury with a rebound.
5:40 of 2nd period - Snap shot by Mika Zibanejad.
5:40 of 2nd period - Shot Blocked by Brian Dumoulin.
5:42 of 2nd period - Slapshot by Zach Bogosian.
5:42 of 2nd period - Stopped by Marc-Andre Fleury with a rebound.
5:44 of 2nd period - Slapshot by Philippe Myers.
5:44 of 2nd period - Shot Misses the Net.
6:15 of 2nd period - Wrist shot by Patrick Kane.
6:15 of 2nd period - Stopped by Marc-Andre Fleury without a rebound.
6:16 of 2nd period - Leon Draisaitl wins face-off versus Steven Stamkos in Pittsburgh Penguins zone.
6:16 of 2nd period - Leon Draisaitl is hit by Steven Stamkos.
6:21 of 2nd period - Minor Penalty to Patrick Kane for Tripping.
6:22 of 2nd period - Jean-Gabriel Pageau wins face-off versus Mika Zibanejad in Detroit Red Wings zone.
6:53 of 2nd period - Snap shot by Mitchell Marner.
6:53 of 2nd period - Shot Misses the Net.
8:21 of 2nd period - Penalty to Patrick Kane is over, Patrick Kane is back on ice.
8:41 of 2nd period - Snap shot by Mika Zibanejad.
8:41 of 2nd period - Stopped by Marc-Andre Fleury without a rebound.
8:42 of 2nd period - Mika Zibanejad wins face-off versus Phillip Danault in Pittsburgh Penguins zone.
8:53 of 2nd period - Wrist shot by Ryan Johansen.
8:53 of 2nd period - Stopped by Vitek Vanecek with a rebound.
8:55 of 2nd period - Slapshot by Erik Gudbranson.
8:55 of 2nd period - Shot Misses the Net.
8:57 of 2nd period - Wrist shot by Ryan Johansen.
8:57 of 2nd period - Shot Misses the Net.
10:17 of 2nd period - Wrist shot by Kevin Shattenkirk.
10:17 of 2nd period - Stopped by Marc-Andre Fleury without a rebound.
10:18 of 2nd period - Josh Bailey wins face-off versus Leon Draisaitl in Pittsburgh Penguins zone.
10:21 of 2nd period - Snap shot by Jonathan Huberdeau.
10:21 of 2nd period - Shot Misses the Net.
10:23 of 2nd period - Snap shot by MacKenzie Weegar.
10:23 of 2nd period - Shot Blocked by Mattias Ekholm.
10:31 of 2nd period - Snap shot by Jonathan Huberdeau.
10:31 of 2nd period - Deflect By Erik Karlsson.
10:31 of 2nd period - Stopped by Marc-Andre Fleury with a rebound.
10:33 of 2nd period - Slapshot by Josh Bailey.
10:33 of 2nd period - Stopped by Marc-Andre Fleury without a rebound.
10:34 of 2nd period - Mika Zibanejad wins face-off versus Jean-Gabriel Pageau in Pittsburgh Penguins zone.
10:35 of 2nd period - Snap shot by Matthew Boldy.
10:35 of 2nd period - Shot Misses the Net.
10:37 of 2nd period - Snap shot by MacKenzie Weegar.
10:37 of 2nd period - Deflect By Matthew Boldy.
10:37 of 2nd period - Stopped by Marc-Andre Fleury with a rebound.
10:39 of 2nd period - Snap shot by Mika Zibanejad.
10:39 of 2nd period - Stopped by Marc-Andre Fleury without a rebound.
10:40 of 2nd period - Jean-Gabriel Pageau wins face-off versus Mika Zibanejad in Pittsburgh Penguins zone.
10:40 of 2nd period - Jean-Gabriel Pageau is hit by Carter Verhaeghe.
11:04 of 2nd period - Wrist shot by Sam Reinhart.
11:04 of 2nd period - Shot Misses the Net.
11:21 of 2nd period - Off-side.
11:22 of 2nd period - Steven Stamkos wins face-off versus Leon Draisaitl in neutral zone.
11:37 of 2nd period - Wrist shot by Patrick Kane.
11:37 of 2nd period - Stopped by Marc-Andre Fleury with a rebound.
11:49 of 2nd period - Anthony Cirelli is hit by Jordan Eberle and loses puck.
12:11 of 2nd period - Erik Gudbranson is hit by Josh Bailey and loses puck.
12:32 of 2nd period - Slapshot by Steven Stamkos.
12:32 of 2nd period - Stopped by Marc-Andre Fleury with a rebound.
12:34 of 2nd period - Wrist shot by Patrick Kane.
12:34 of 2nd period - Shot Misses the Net.
12:42 of 2nd period - Snap shot by Steven Stamkos.
12:42 of 2nd period - Shot Misses the Net.
13:39 of 2nd period - Wrist shot by Ryan Johansen.
13:39 of 2nd period - Stopped by Vitek Vanecek without a rebound.
13:40 of 2nd period - Steven Stamkos wins face-off versus Leon Draisaitl in Detroit Red Wings zone.
14:53 of 2nd period - Wrist shot by Daniel Sprong.
14:53 of 2nd period - Goal by Daniel Sprong - Detroit Red Wings : 2 - Pittsburgh Penguins : 4.
14:54 of 2nd period - Steven Stamkos wins face-off versus Leon Draisaitl in neutral zone.
15:17 of 2nd period - Minor Penalty to Patrick Kane for Hooking.
15:18 of 2nd period - Mika Zibanejad wins face-off versus Jean-Gabriel Pageau in Detroit Red Wings zone.
15:33 of 2nd period - Snap shot by Sam Reinhart.
15:33 of 2nd period - Stopped by Vitek Vanecek without a rebound.
15:34 of 2nd period - Mika Zibanejad wins face-off versus Leon Draisaitl in Detroit Red Wings zone.
15:34 of 2nd period - Mika Zibanejad is hit by Mitchell Marner.
15:41 of 2nd period - Icing by Brian Dumoulin.
15:42 of 2nd period - Anthony Cirelli wins face-off versus Leon Draisaitl in Pittsburgh Penguins zone.
16:33 of 2nd period - Slapshot by Leon Draisaitl.
16:33 of 2nd period - Stopped by Vitek Vanecek with a rebound.
16:35 of 2nd period - Slapshot by Ryan Suter.
16:35 of 2nd period - Shot Misses the Net.
16:37 of 2nd period - Wrist shot by Ryan Suter.
16:37 of 2nd period - Deflect By Pavel Buchnevich.
16:37 of 2nd period - Stopped by Vitek Vanecek without a rebound.
16:38 of 2nd period - Jean-Gabriel Pageau wins face-off versus Mika Zibanejad in Detroit Red Wings zone.
16:53 of 2nd period - Wrist shot by Anders Lee.
16:53 of 2nd period - Stopped by Vitek Vanecek with a rebound.
17:17 of 2nd period - Penalty to Patrick Kane is over, Patrick Kane is back on ice.
17:25 of 2nd period - Slapshot by Shayne Gostisbehere.
17:25 of 2nd period - Stopped by Marc-Andre Fleury without a rebound.
17:26 of 2nd period - Phillip Danault wins face-off versus Alexander Barabanov in Pittsburgh Penguins zone.
18:27 of 2nd period - Off-side.
18:28 of 2nd period - Anthony Cirelli wins face-off versus Leon Draisaitl in neutral zone.
18:53 of 2nd period - Matthew Boldy is hit by Jean-Gabriel Pageau and loses puck.
19:04 of 2nd period - Backhand shot by Mika Zibanejad.
19:04 of 2nd period - Shot Misses the Net.
19:18 of 2nd period - Jordan Eberle is hit by Zach Bogosian and loses puck.
19:37 of 2nd period - Wrist shot by Ryan Johansen.
19:37 of 2nd period - Stopped by Vitek Vanecek with a rebound.
19:39 of 2nd period - Slapshot by Gabriel Vilardi.
19:39 of 2nd period - Stopped by Vitek Vanecek without a rebound.
19:40 of 2nd period - Colton Sissons wins face-off versus Steven Stamkos in Detroit Red Wings zone.
Goals for this period are 1 for Detroit Red Wings vs 1 for Pittsburgh Penguins.
Shots for this period are 15 for Detroit Red Wings vs 14 for Pittsburgh Penguins.
3rd period
0:01 of 3rd period - Mika Zibanejad wins face-off versus Jean-Gabriel Pageau in neutral zone.
0:01 of 3rd period - Mika Zibanejad is hit by Sam Reinhart.
0:15 of 3rd period - Snap shot by Matthew Boldy.
0:15 of 3rd period - Shot Misses the Net.
0:32 of 3rd period - Snap shot by Leon Draisaitl.
0:32 of 3rd period - Shot Misses the Net.
0:46 of 3rd period - J.J. Moser is hit by Jonathan Huberdeau.
1:11 of 3rd period - Minor Penalty to Steven Stamkos for Hooking.
1:12 of 3rd period - Mika Zibanejad wins face-off versus Sam Reinhart in Detroit Red Wings zone.
2:55 of 3rd period - Alexander Barabanov is hit by Ryan Suter and loses puck.
3:11 of 3rd period - Penalty to Steven Stamkos is over, Steven Stamkos is back on ice.
3:18 of 3rd period - Phillip Danault is hit by Alexander Barabanov and loses puck.
3:33 of 3rd period - Minor Penalty to Carter Verhaeghe for Interference.
3:34 of 3rd period - Leon Draisaitl wins face-off versus Anthony Cirelli in Detroit Red Wings zone.
5:33 of 3rd period - Penalty to Carter Verhaeghe is over, Carter Verhaeghe is back on ice.
5:59 of 3rd period - Wrist shot by Steven Stamkos.
5:59 of 3rd period - Stopped by Marc-Andre Fleury with a rebound.
6:01 of 3rd period - Wrist shot by MacKenzie Weegar.
6:01 of 3rd period - Shot Blocked by Erik Gudbranson.
6:03 of 3rd period - Slapshot by MacKenzie Weegar.
6:03 of 3rd period - Deflect By Carter Verhaeghe.
6:03 of 3rd period - Shot Misses the Net.
6:03 of 3rd period - Puck is out of play.
6:04 of 3rd period - Steven Stamkos wins face-off versus Colton Sissons in Pittsburgh Penguins zone.
6:22 of 3rd period - Icing by Steven Stamkos.
6:23 of 3rd period - Sam Reinhart wins face-off versus Steven Stamkos in Detroit Red Wings zone.
6:24 of 3rd period - Slapshot by Erik Karlsson.
6:24 of 3rd period - Deflect By Alexander Barabanov.
6:24 of 3rd period - Stopped by Vitek Vanecek without a rebound.
6:25 of 3rd period - Mika Zibanejad wins face-off versus Jean-Gabriel Pageau in Detroit Red Wings zone.
6:25 of 3rd period - Mika Zibanejad is hit by Erik Karlsson.
6:41 of 3rd period - Slapshot by Sam Reinhart.
6:41 of 3rd period - Stopped by Vitek Vanecek without a rebound.
6:42 of 3rd period - Leon Draisaitl wins face-off versus Anthony Cirelli in Detroit Red Wings zone.
6:53 of 3rd period - Snap shot by Mitchell Marner.
6:53 of 3rd period - Shot Blocked by Kevin Shattenkirk.
6:55 of 3rd period - Snap shot by Leon Draisaitl.
6:55 of 3rd period - Shot Misses the Net.
6:57 of 3rd period - Slapshot by Erik Karlsson.
6:57 of 3rd period - Stopped by Vitek Vanecek with a rebound.
6:59 of 3rd period - Snap shot by Pavel Buchnevich.
6:59 of 3rd period - Stopped by Vitek Vanecek with a rebound.
7:09 of 3rd period - Jean-Gabriel Pageau is hit by Carter Verhaeghe and loses puck.
7:57 of 3rd period - Minor Penalty to Jordie Benn for Roughing.
7:58 of 3rd period - Anthony Cirelli wins face-off versus Jean-Gabriel Pageau in Detroit Red Wings zone.
8:12 of 3rd period - Slapshot by Kevin Shattenkirk.
8:12 of 3rd period - Shot Misses the Net.
8:14 of 3rd period - Wrist shot by Mika Zibanejad.
8:14 of 3rd period - Goal by Mika Zibanejad - Detroit Red Wings : 3 - Pittsburgh Penguins : 4.
8:15 of 3rd period - Jared McCann wins face-off versus Jean-Gabriel Pageau in neutral zone.
8:18 of 3rd period - Snap shot by Kevin Shattenkirk.
8:18 of 3rd period - Stopped by Marc-Andre Fleury with a rebound.
8:20 of 3rd period - Snap shot by Anthony Cirelli.
8:20 of 3rd period - Stopped by Marc-Andre Fleury with a rebound.
8:22 of 3rd period - Snap shot by Anthony Cirelli.
8:22 of 3rd period - Shot Blocked by Anders Lee.
9:57 of 3rd period - Penalty to Jordie Benn is over, Jordie Benn is back on ice.
10:09 of 3rd period - Jared McCann is hit by Gabriel Vilardi and loses puck.
10:14 of 3rd period - Slapshot by Tom Wilson.
10:14 of 3rd period - Shot Misses the Net.
10:16 of 3rd period - Snap shot by Colton Sissons.
10:16 of 3rd period - Shot Misses the Net.
10:18 of 3rd period - Snap shot by Colton Sissons.
10:18 of 3rd period - Stopped by Vitek Vanecek without a rebound.
10:19 of 3rd period - Phillip Danault wins face-off versus Steven Stamkos in Detroit Red Wings zone.
10:24 of 3rd period - Backhand shot by Jordan Eberle.
10:24 of 3rd period - Stopped by Vitek Vanecek with a rebound.
11:26 of 3rd period - Wrist shot by Mitchell Marner.
11:26 of 3rd period - Goal by Mitchell Marner - Detroit Red Wings : 3 - Pittsburgh Penguins : 5.
11:27 of 3rd period - Anthony Cirelli wins face-off versus Leon Draisaitl in neutral zone.
11:35 of 3rd period - Off-side.
11:36 of 3rd period - Anthony Cirelli wins face-off versus Leon Draisaitl in neutral zone.
11:43 of 3rd period - Anthony Cirelli is hit by Mitchell Marner and loses puck.
13:04 of 3rd period - Snap shot by Mitchell Marner.
13:04 of 3rd period - Deflect By Leon Draisaitl.
13:04 of 3rd period - Stopped by Vitek Vanecek without a rebound.
13:05 of 3rd period - Mika Zibanejad wins face-off versus Jean-Gabriel Pageau in Detroit Red Wings zone.
13:20 of 3rd period - Snap shot by Sam Reinhart.
13:20 of 3rd period - Deflect By Matthew Boldy.
13:20 of 3rd period - Shot Misses the Net.
13:20 of 3rd period - Puck is out of play.
13:21 of 3rd period - Phillip Danault wins face-off versus Patrick Kane in Detroit Red Wings zone.
13:24 of 3rd period - Wrist shot by Ryan Johansen.
13:24 of 3rd period - Shot Blocked by Patrick Kane.
13:26 of 3rd period - Snap shot by Ryan Johansen.
13:26 of 3rd period - Goal by Ryan Johansen - Detroit Red Wings : 3 - Pittsburgh Penguins : 6.
13:27 of 3rd period - Mika Zibanejad wins face-off versus Jean-Gabriel Pageau in neutral zone.
13:32 of 3rd period - Jean-Gabriel Pageau is hit by Matthew Boldy and loses puck.
13:43 of 3rd period - Wrist shot by Anders Lee.
13:43 of 3rd period - Stopped by Vitek Vanecek without a rebound.
13:44 of 3rd period - Leon Draisaitl wins face-off versus Steven Stamkos in Detroit Red Wings zone.
14:12 of 3rd period - Off-side.
14:13 of 3rd period - Jean-Gabriel Pageau wins face-off versus Mika Zibanejad in neutral zone.
14:28 of 3rd period - Snap shot by Mika Zibanejad.
14:28 of 3rd period - Shot Blocked by Jean-Gabriel Pageau.
14:30 of 3rd period - Snap shot by Mika Zibanejad.
14:30 of 3rd period - Shot Misses the Net.
14:40 of 3rd period - Steven Stamkos is hit by Erik Gudbranson and loses puck.
14:52 of 3rd period - Wrist shot by Phillip Danault.
14:52 of 3rd period - Stopped by Vitek Vanecek with a rebound.
15:10 of 3rd period - Wrist shot by Jared McCann.
15:10 of 3rd period - Stopped by Marc-Andre Fleury with a rebound.
15:30 of 3rd period - Erik Karlsson is hit by Jonathan Huberdeau and loses puck.
16:33 of 3rd period - Wrist shot by Jared McCann.
16:33 of 3rd period - Shot Misses the Net.
17:31 of 3rd period - Wrist shot by Patrick Kane.
17:31 of 3rd period - Stopped by Marc-Andre Fleury with a rebound.
17:33 of 3rd period - Snap shot by Patrick Kane.
17:33 of 3rd period - Shot Misses the Net.
17:35 of 3rd period - Wrist shot by Alexander Barabanov.
17:35 of 3rd period - Shot Blocked by Erik Karlsson.
17:37 of 3rd period - Wrist shot by Steven Stamkos.
17:37 of 3rd period - Stopped by Marc-Andre Fleury with a rebound.
17:55 of 3rd period - Pavel Buchnevich is hit by Shayne Gostisbehere and loses puck.
18:06 of 3rd period - Snap shot by Leon Draisaitl.
18:06 of 3rd period - Shot Blocked by Jordie Benn.
18:14 of 3rd period - Wrist shot by Tom Wilson.
18:14 of 3rd period - Stopped by Vitek Vanecek with a rebound.
18:16 of 3rd period - Slapshot by Erik Karlsson.
18:16 of 3rd period - Deflect By Gabriel Vilardi.
18:16 of 3rd period - Stopped by Vitek Vanecek with a rebound.
18:18 of 3rd period - Snap shot by Tom Wilson.
18:18 of 3rd period - Stopped by Vitek Vanecek without a rebound.
18:19 of 3rd period - Mika Zibanejad wins face-off versus Anders Lee in Detroit Red Wings zone.
18:28 of 3rd period - Brian Dumoulin is hit by Zach Bogosian and loses puck.
19:03 of 3rd period - Erik Gudbranson is hit by Mika Zibanejad.
19:11 of 3rd period - Snap shot by Mika Zibanejad.
19:11 of 3rd period - Stopped by Marc-Andre Fleury without a rebound.
19:12 of 3rd period - Steven Stamkos wins face-off versus Phillip Danault in Pittsburgh Penguins zone.
19:29 of 3rd period - Slapshot by Steven Stamkos.
19:29 of 3rd period - Stopped by Marc-Andre Fleury with a rebound.
19:39 of 3rd period - Ryan Suter is hit by Arthur Kaliyev and loses puck.
Goals for this period are 1 for Detroit Red Wings vs 2 for Pittsburgh Penguins.
Shots for this period are 9 for Detroit Red Wings vs 14 for Pittsburgh Penguins.
Back to the Top